 Dungeon Crawl Stone Soup version 0.17.0-28-g6e173f8 (webtiles) character file.

86 coffecat the Sneak (level 4, -1/27 HPs)
             Began as a Kobold Assassin on Nov 28, 2015.
             Slain by an orc priest
             ... wielding a +0 dagger
              (2 damage)
             ... on level 3 of the Dungeon.
             The game lasted 00:07:56 (1347 turns).

coffecat the Sneak (Kobold Assassin)                Turns: 1347, Time: 00:07:56

Health: -1/27      AC:  3    Str: 10    XL:     4   Next: 77%
Magic:  4/4        EV: 15    Int:  9    God:
Gold:   61         SH:  0    Dex: 17    Spells: 0 memorised, 3 levels left

rFire  . . .     SeeInvis .     a - +2 dagger
rCold  . . .     Clarity  .     p - +0 robe
rNeg   . . .     SustAt   .     (shield restricted)
rPois  .         Gourm    .     (no helmet)
rElec  .         Spirit   .     d - +0 cloak
rCorr  .         Warding  .     (no gloves)
rMut   .         Stasis   .     (no boots)
MR     .....                    (no amulet)
Stlth  ++++......               (no ring)
                                (no ring)

@: not resistant to hostile enchantments, stealthy
A: carnivore 3
a: no special abilities


You were on level 3 of the Dungeon.
You were not hungry.

You visited 1 branch of the dungeon, and saw 3 of its levels.

You collected 61 gold pieces.

Inventory:

Hand Weapons
 a - a +2 dagger (weapon)
 b - a +0 blowgun
Missiles
 e - 15 poisoned needles
 j - a curare-tipped needle
Armour
 c - a +0 robe
 d - a +0 cloak (worn)
 p - a +0 robe (worn)
Jewellery
 o - an uncursed ring of positive energy {unknown}
Scrolls
 f - 4 scrolls of identify {unknown}
 k - a scroll of teleportation {unknown}
 l - a scroll of magic mapping {unknown}
 n - a scroll of recharging {unknown}
 q - a scroll of enchant armour {unknown}
 r - 2 scrolls of remove curse {unknown}
Potions
 h - a potion of might {unknown}
 i - a potion of curing {unknown}
 m - a potion of degeneration {unknown}
Comestibles
 g - 2 meat rations
 s - a bread ration


   Skills:
 + Level 2.6 Fighting
 + Level 3.0 Short Blades
 + Level 2.3 Throwing
 + Level 2.7 Dodging
 * Level 6.8 Stealth


You had 3 spell levels left.
You didn't know any spells.

Dungeon Overview and Level Annotations

Branches:
Dungeon (3/15)

Altars:

Annotations:
D:2 Natasha


Innate Abilities, Weirdness & Mutations

You are small and have problems with some larger weapons.
You are carnivorous and can eat meat at any time.


Message History

* * * LOW HITPOINT WARNING * * *
You closely miss the orc priest. The orc misses you.
The orc priest hits you but does no damage.
You barely miss the orc priest.
The orc priest calls down the wrath of Beogh upon you.
You barely resist. The orc barely misses you. The orc priest barely misses you.
You hit the orc priest but do no damage.
The orc priest hits you but does no damage.
The orc completely misses you. The orc priest hits you with a dagger.
* * * LOW HITPOINT WARNING * * *
You hit the orc priest but do no damage.
The orc priest misses you. The orc misses you.
You hit the orc priest but do no damage.
The orc priest hits you with a dagger.
* * * LOW HITPOINT WARNING * * *
You hit the orc priest.
The orc priest is moderately wounded.
The orc priest casts a cantrip, but nothing happens.
The orc barely misses you. The orc priest hits you with a dagger.
You die...

##'## #.# ##.
#.# #.. ##.##
#.#
##...########
#.#
............#
##.###
##...######.#


oo.. ##.## #.####o# #.# #....o@# #.# ######## #<# #.# #.# You could see 2 orc
priests, an orc wizard and an orc.

Vanquished Creatures
  Natasha (D:2)
  3 adders
  A worm (D:3)
  6 bats
  A giant cockroach (D:1)
  7 goblins
  4 hobgoblins
  3 kobolds
  2 giant newts
  4 rats
32 creatures vanquished.

Notes
Turn   | Place    | Note
--------------------------------------------------------------
     0 | D:1      | coffecat the Kobold Assassin began the quest for the Orb.
     0 | D:1      | Reached XP level 1. HP: 12/12 MP: 1/1
   191 | D:1      | Reached XP level 2. HP: 9/17 MP: 2/2
   509 | D:1      | Reached skill level 6 in Stealth
   624 | D:2      | Reached XP level 3. HP: 20/22 MP: 3/3
   874 | D:2      | Noticed Natasha
   885 | D:2      | Killed Natasha
   885 | D:2      | Reached XP level 4. HP: 27/27 MP: 4/4
   921 | D:2      | Noticed Natasha
  1346 | D:3      | HP: 1/27 [orc priest/dagger (6)]
  1347 | D:3      | Slain by an orc priest

Action                   |  1- 3 |  4- 6 || total
-------------------------+-------+-------++-------
Melee: Dagger            |    55 |    45 ||   100
 Fire: Blowgun           |    14 |       ||    14
 Stab: Sleeping          |     6 |     2 ||     8
  Eat: Beef jerky        |       |     1 ||     1
